[Event "European Women-ch 2023"]
[Site "Petrovac"]
[Date "2023.03.18"]
[Round "1.8"]
[White "Hajiyeva, Laman"]
[Black "Guichard, Pauline"]
[Result "1-0"]
[ECO "C58"]
[WhiteElo "2118"]
[BlackElo "2379"]
[Annotator "TA"]
[PlyCount "73"]
[EventDate "2023.03.15"]
[EventType "swiss"]
[EventCountry "MNE"]
[SourceTitle "playchess.com"]
[Source "ChessBase"]
[SourceQuality "1"]
[TimeControl "40/5400+30:1800+30"]

1. e4 e5 2. Nf3 Nc6 3. Bc4 Nf6 4. Ng5 d5 5. exd5 Na5 6. Bb5+ c6 7. dxc6 bxc6 8. Bd3 Ng4 {[%emt 0:03:28] C58: Two Knights: 4 Ng5 d5 5 exd5 Na5 sidelines.} 9. Ne4 f5 10. Be2 $1 h5 {[%emt 0:01:33] White is slightly better.} 11. h3 fxe4 12. hxg4 Bc5 13. Nc3 (13. Rxh5 $2 {perishes.} Rxh5 14. Bf1 Rh1 $19) (13. gxh5 $2 {too greedy.} O-O 14. d4 exd3 15. Qxd3 Bxf2+ 16. Kd1 e4 17. Qxd8 Rxd8+ 18. Nd2 e3 $19) (13. b4 $5 Qd4 14. bxc5 $14) 13... Qd4 {[%emt 0:04:26][%csl Gc5][%cal Rd4f2] [#]} 14. O-O O-O 15. Qe1 hxg4 {[%emt 0:01:28] ...g3 would be deadly.} (15... Bxg4 $2 16. Bxg4 hxg4 17. Nxe4 $18) 16. d3 exd3 17. Bxd3 {[%emt 0:05:32] [#] Be3 is the strong threat.} Bb6 $146 {[%emt 0:21:10] Loses the game.} (17... Rxf2 $1 $11 {and Black stays safe.} 18. Qxf2 Qxf2+ 19. Rxf2 g3 {[%mdl 64] Pin}) ({Predecessor:} 17... Rxf2 18. Qxf2 Qxf2+ 19. Rxf2 g3 20. Ne4 Bxf2+ 21. Nxf2 gxf2+ 22. Kxf2 Be6 23. b3 Rf8+ {½-½ Blomqvist,E (2535)-Hector,J (2485) SWE-ch Helsingborg 2021 (2)}) 18. Be3 $36 {[%emt 0:08:21][%mdl 2048] Black is under strong pressure.} Qd6 19. Ne4 Qe7 20. Ng3 {[%emt 0:08:30] Against Bf5. aiming for Bd2.} Bd7 (20... Qf6 {is a better defense.} 21. Qc3 e4) 21. Bxb6 axb6 22. Qe4 {[%emt 0:03:09] Strongly threatening Qh7+.} Qh4 {[%emt 0:00:41] Prevents Qh7+} 23. b4 ({Weaker is} 23. Qxe5 Rae8 24. Qc3 c5 $16) 23... Nb7 24. Qxe5 {[%emt 0:01:07] And now Nh5 would win.} Rf6 (24... Qf6 $142 25. Qc7 Bc8 26. Qxb6 Nd8) 25. Nh5 Re8 26. Nxf6+ gxf6 27. Qc7 Re5 28. Qxd7 {[%emt 0:02:08] White wants to mate with Bc4+.} Rh5 29. Qc8+ {[%emt 0:01:23] White mates.} (29. Qxb7 $2 Qh2#) 29... Kg7 30. Qxb7+ Kf8 31. Qc8+ (31. Qxb6 $2 Qh2#) 31... Kf7 32. Qd7+ (32. Qxc6 $2 Qh2#) 32... Kf8 33. Qd8+ (33. Qxc6 $2 Qh2#) 33... Kf7 34. Bc4+ (34. Qxb6 $2 Qh2#) 34... Kg6 35. Qg8+ (35. Qxb6 $2 Qh2#) 35... Kh6 36. Qf8+ Kg6 37. Bf7+ {[%emt 0:00:35] Weighted Error Value: White=0.01 (flawless) /Black=0.41} 1-0

[Event "European Women-ch 2023"]
[Site "Petrovac"]
[Date "2023.03.18"]
[Round "1.8"]
[White "Petrovska, Katerina"]
[Black "Hrebenshchykova, Yelyzaveta"]
[Result "0-1"]
[ECO "B30"]
[WhiteElo "1907"]
[BlackElo "2289"]
[Annotator "TA"]
[PlyCount "58"]
[EventDate "2023.03.15"]
[EventType "swiss"]
[EventCountry "MNE"]
[SourceTitle "playchess.com"]
[Source "ChessBase"]
[SourceQuality "1"]
[TimeControl "40/5400+30:1800+30"]

1. e4 c5 2. Nc3 Nc6 3. Bb5 Nd4 4. Nf3 e6 5. Bd3 Ne7 6. Nb5 {[%emt 0:11:55] [#] B30: Sicilian: 2...Nc6 3 Bb5, lines without ...g6.} ({Better is} 6. Nxd4 cxd4 7. Nb5) 6... Nxb5 $146 ({Predecessor:} 6... Nec6 7. Nbxd4 cxd4 8. c3 e5 9. cxd4 exd4 10. O-O g6 11. e5 Bg7 12. b3 Qb6 13. a4 {1-0 Gombac,J (2293)-Filip,M (2078) Ljubljana-chT 2009 (8.2)}) 7. Bxb5 Qa5 8. Be2 {[%emt 0:07:29] The position is equal.} d5 9. exd5 Nxd5 10. O-O Be7 11. d4 O-O 12. c4 Nf6 13. dxc5 Rd8 14. Qc2 Qxc5 15. Be3 Qc7 16. Rad1 Bd7 17. Rd4 e5 18. Rh4 (18. Rdd1 $11) 18... e4 19. Nd4 Qe5 20. Qc3 {[%emt 0:01:32] [#] This costs White the game.} (20. Qd2 $15) 20... Nd5 $1 $19 {[%emt 0:02:40][%mdl 64] Discovered Attack} 21. Rh5 (21. cxd5 {was worth a try.} Bxh4 22. Qb3) 21... Qxh5 ({Inferior is} 21... Nxc3 22. Rxe5 Bf6 23. Ra5 $17) 22. cxd5 Qxd5 23. f3 Rac8 {[%emt 0:02:15] Prevents Bc4. Black is clearly winning.} (23... Qxa2 $2 {is the wrong capture.} 24. Bc4 Qa4 25. fxe4 $19) 24. Qe1 Bc5 25. fxe4 (25. Qf2 $142) 25... Qxe4 26. Qf2 Be6 27. Rd1 Bxd4 28. Bxd4 Rc2 29. Be3 Rxd1+ {[%emt 0:00:14] Weighted Error Value: White=0.80/Black=0.03 (flawless)} 0-1

[Event "European Women-ch 2023"]
[Site "Petrovac"]
[Date "2023.03.18"]
[Round "1.9"]
[White "Arabidze, Meri"]
[Black "Shpanko, Nadiia"]
[Result "1/2-1/2"]
[ECO "D37"]
[WhiteElo "2433"]
[BlackElo "2164"]
[Annotator "TA"]
[PlyCount "92"]
[EventDate "2023.03.15"]
[EventType "swiss"]
[EventCountry "MNE"]
[SourceTitle "playchess.com"]
[Source "ChessBase"]
[SourceQuality "1"]
[TimeControl "40/5400+30:1800+30"]

1. d4 d5 2. c4 e6 3. Nc3 Nf6 4. Nf3 a6 5. cxd5 exd5 6. Bg5 {[%emt 0:00:22] D37: Queen's Gambit Declined: 5 Bf4.} Be6 7. Bxf6 Qxf6 8. Qb3 Ra7 9. g3 Qd8 10. Bg2 c6 11. O-O Nd7 12. Rad1 Be7 13. Rfe1 O-O {[%emt 0:03:24] [#]} 14. a3 $146 ({Predecessor:} 14. Qc2 Ra8 15. Ne5 Nxe5 16. dxe5 Qb6 17. Na4 Qa5 18. e4 dxe4 19. Bxe4 g6 20. a3 {0-1 Derige Kane,Y (2157)-Costachi,M (2463) Titled Tuesday intern op 08th Mar Early blitz 2022 (7)}) 14... a5 15. Qc2 b5 16. e4 b4 17. axb4 axb4 18. exd5 cxd5 {[%emt 0:02:35] [#] And now ...Qc7 would win.} 19. Ne2 Rc7 20. Qb3 Bd6 21. Nc1 Rc4 22. Ne5 Bxe5 23. dxe5 d4 {[%emt 0:09:05][%cal Oc4c1] [#] Strongly threatening ...Rxc1!} (23... Nc5 $5 24. Qf3 Qd7 $15) 24. Qf3 Qc7 25. Nd3 Rd8 26. Nf4 Nc5 ({Resist} 26... Nxe5 27. Qe4 Rc5 28. Rxd4 $16) 27. Nxe6 Nxe6 28. Bf1 Rc5 29. Qf5 g6 (29... Rc2 $5 ) 30. Qf6 {[%emt 0:01:18] The position is equal.} Rc2 31. b3 Rc3 32. Bh3 Rc6 33. Qh4 d3 {[%emt 0:01:18] Threatens to win with ...d2.} 34. Bxe6 Rxe6 35. Qxb4 Rxe5 36. Rxe5 Qxe5 $11 {[%emt 0:00:05][%mdl 4096] Endgame KQR-KQR} 37. Qd2 Qd5 38. b4 (38. Qc3 {looks sharper.} d2 39. f3 h5 40. Kg2) 38... Qb3 39. Kg2 Kg7 40. h4 Rd4 41. Qe3 Qd5+ 42. Qf3 Qxf3+ 43. Kxf3 Rxb4 44. Rxd3 h5 45. Kg2 Re4 46. Kf3 Rb4 {[%emt 0:00:04] An even fight not without its subleties.   Weighted Error Value: White=0.05 (flawless) /Black=0.05 (flawless)} 1/2-1/2

[Event "European Women-ch 2023"]
[Site "Petrovac"]
[Date "2023.03.18"]
[Round "1.9"]
[White "Mkrtchian, Lilit"]
[Black "Paasikangas, Johanna"]
[Result "1-0"]
[ECO "A35"]
[WhiteElo "2379"]
[BlackElo "2115"]
[Annotator "TA"]
[PlyCount "93"]
[EventDate "2023.03.15"]
[EventType "swiss"]
[EventCountry "MNE"]
[SourceTitle "playchess.com"]
[Source "ChessBase"]
[SourceQuality "1"]
[TimeControl "40/5400+30:1800+30"]

1. c4 c5 2. Nf3 Nc6 3. Nc3 g6 4. e3 Bg7 5. d4 cxd4 6. exd4 d6 7. d5 Ne5 8. Nxe5 Bxe5 9. Bd3 {[%emt 0:01:03] A35: Symmetrical English: 2 Nc3 Nc6 3 Nf3.} Bg7 10. O-O Nh6 11. Re1 {[%emt 0:10:09] White is better.} O-O 12. Bg5 Re8 13. Qd2 {[%emt 0:17:41] White has more active pieces.} Ng4 {[%emt 0:11:02] [#]} 14. h3 $146 ({Predecessor:} 14. Rac1 Ne5 15. Bf1 Bf5 16. h3 h5 17. Ne4 Bxe4 18. Rxe4 Rc8 19. b3 Qd7 20. f4 {1-0 Kim,Y (2315)-Jaskolka,T (2213) Titled Tuesday intern op 08th Mar Early blitz 2022 (3)}) 14... Ne5 15. Bf1 a6 16. Rac1 f6 ({Black should play} 16... Nd7) 17. Be3 $16 Bd7 18. f4 Nf7 19. Qf2 f5 20. Bb6 Qb8 21. a4 Bf6 22. b3 Kg7 23. Re3 Rg8 24. Rce1 {[%emt 0:01:16] aiming for Rxe7.} Qf8 25. Ne2 Re8 26. Nd4 Kh8 27. Nf3 (27. Bd3 $18) 27... Qg7 (27... g5 $142) 28. Qd2 h6 (28... g5 $16) 29. Bd4 $18 Nd8 30. Qc3 {[%emt 0:00:38][%cal Oe3e7] Threatens to win with Rxe7!} Rgf8 (30... Bxd4 $16 {might work better.} 31. Qxd4 (31. Nxd4 e5 $14) 31... Qxd4 32. Nxd4 b6 33. Rxe7 Rxe7 34. Rxe7 Rg7) 31. Bxf6 Rxf6 32. h4 Kg8 33. a5 Kf8 $2 (33... Rf7 34. Qb4 Rf6) 34. Qb2 (34. c5 $142) 34... Qf7 (34... Nf7 $142 35. Bd3 e6) 35. b4 Bc8 $2 {[%emt 0:01:15] [#]} (35... Qg7 36. Qd4 Kg8) 36. Ng5 $1 {[%emt 0:00:23][%mdl 512] White is clearly winning.} Qg7 {[%emt 0:00:22] [#]} 37. Qxf6+ {[%emt 0:00:45][%mdl 576] Decoy} Qxf6 38. Nh7+ Kf7 39. Nxf6 Kxf6 40. c5 e5 41. cxd6 e4 42. b5 Nf7 43. bxa6 bxa6 44. Rb1 Nxd6 45. Rb6 Ke7 46. Rc3 Bd7 47. Rxa6 {[%emt 0:01:20] Weighted Error Value: White=0.16 (very precise) /Black=0.40} 1-0

[Event "European Women-ch 2023"]
[Site "Petrovac"]
[Date "2023.03.18"]
[Round "1.9"]
[White "Schulze, Lara"]
[Black "Shuqja, Klean"]
[Result "1-0"]
[ECO "B13"]
[WhiteElo "2277"]
[BlackElo "1884"]
[Annotator "TA"]
[PlyCount "81"]
[EventDate "2023.03.15"]
[EventType "swiss"]
[EventCountry "MNE"]
[SourceTitle "playchess.com"]
[Source "ChessBase"]
[SourceQuality "1"]
[TimeControl "40/5400+30:1800+30"]

1. e4 c6 2. d4 d5 3. exd5 cxd5 4. Nf3 Nc6 5. c3 Qc7 6. g3 {[%emt 0:00:32] B13: Caro-Kann: Exchange Variation and Panov-Botvinnik Attack.} Bg4 7. Bf4 {[%emt 0:00:17] [#]} Bxf3 $146 (7... Qb6 {is interesting.} 8. Nbd2 e5 9. Bxe5 Nxe5 10. Qe2 Be7) ({Predecessor:} 7... Qd7 8. Nbd2 e6 9. Qb3 f6 10. h3 Bh5 11. h4 Nh6 12. Bh3 Bd6 13. Bxh6 gxh6 {½-½ Cornette,M (2584)-Admiraal,M (2491) BEL-chT 1819 2018 (3.1)}) 8. Qxf3 {[%emt 0:03:55] White is slightly better.} Qd7 9. Bd3 e6 10. O-O Nf6 11. Nd2 Bd6 12. Rae1 O-O 13. Be5 {[%emt 0:03:47] A strong pair of Bishops.} Qe7 14. Qe2 {[%emt 0:04:06] White is more active.} (14. g4 {feels hotter.} Bxe5 15. dxe5 Nd7 16. Qh3) 14... Bxe5 15. dxe5 Nd7 16. f4 (16. Qh5 g6 17. Qe2 Ncxe5 $17) 16... g6 17. Kg2 h5 18. g4 hxg4 19. Qxg4 {[%emt 0:00:05] Hoping for Nf3.} Kg7 $1 20. Nf3 Rh8 21. Ng5 Rh6 22. h4 Rah8 23. Rh1 Nc5 (23... d4 $5 ) 24. Be2 Ne4 (24... Qd8 $17 {Threatens to win with ...Ne7.} 25. b4 Na4) 25. Bf3 Nxg5 (25... Nd2 {looks sharper.} 26. Be2 Qe8 27. Rd1 Nc4) 26. fxg5 R6h7 27. Qf4 (27. c4 $5 ) 27... b5 ({Black should try} 27... Kf8 $11) 28. Be2 $14 a6 29. h5 $1 Rf8 $2 {[%emt 0:00:29] [#] Black cannot hold the game after this.} (29... gxh5 $14 30. Bd3 Kg8) 30. Qf6+ Qxf6 $2 (30... Kg8 31. hxg6 {[%mdl 64] Discovered Attack} fxg6 32. Rxh7 {[%mdl 64] Deflection} (32. Qxg6+ $2 {perishes.} Rg7 $19) 32... Qxh7 33. Qxe6+ Qf7) 31. exf6+ $18 ({Less strong is} 31. gxf6+ Kg8 $16) 31... Kg8 32. hxg6 fxg6 33. Bg4 Nd8 34. Bxe6+ Nxe6 35. Rxh7 {[%emt 0:00:30][%mdl 4096] Endgame KRR-KRN} ({Not} 35. Rxe6 Rxh1 36. Kxh1 Rd8 37. Rxa6 d4 38. cxd4 Rxd4 $18) 35... Nf4+ 36. Kf3 {[%emt 0:00:12] [#] White threatens Rg7+ and mate.} Kxh7 37. Kxf4 (37. Re7+ $142 Kh8 38. Kxf4) 37... Rd8 38. Re7+ Kg8 39. Ke5 {[%emt 0:00:22] Rg7+ is the strong threat.} b4 40. cxb4 (40. f7+ $142 Kf8 41. Re8+ {[%mdl 64] Promotion} Rxe8+ 42. fxe8=Q+ Kxe8 43. cxb4 Kd8 44. Kxd5 Kc7 45. Ke5) 40... d4 41. f7+ {[%emt 0:01:11] Weighted Error Value: White=0.11 (very precise) /Black=0.70} 1-0

[Event "European Women-ch 2023"]
[Site "Petrovac"]
[Date "2023.03.18"]
[Round "1.10"]
[White "Mayrhuber, Nikola"]
[Black "Socko, Monika"]
[Result "0-1"]
[ECO "E52"]
[WhiteElo "2162"]
[BlackElo "2432"]
[Annotator "TA"]
[PlyCount "80"]
[EventDate "2023.03.15"]
[EventType "swiss"]
[EventCountry "MNE"]
[SourceTitle "playchess.com"]
[Source "ChessBase"]
[SourceQuality "1"]
[TimeControl "40/5400+30:1800+30"]

1. d4 Nf6 2. c4 e6 3. Nc3 Bb4 4. e3 O-O 5. Nf3 d5 6. Bd2 b6 7. cxd5 exd5 8. Rc1 Bb7 9. Bd3 Nbd7 10. O-O Qe7 {[%emt 0:04:35] E52: Nimzo-Indian: Rubinstein: 4...0-0 5 Nf3 d5 6 Bd3 b6.} 11. a3 Bxc3 12. Bxc3 {[%emt 0:00:17] [#]} Rfd8 $146 {[%emt 0:02:02] White is slightly better.} ({Predecessor:} 12... Ne4 13. Qe2 a5 14. Rfd1 Rfd8 15. Be1 c5 16. dxc5 bxc5 17. Qc2 f5 18. Bb5 Ndf6 19. b4 axb4 20. axb4 c4 {½-½ Durak,C (2244)-Ilincic,Z (2409) Arandjelovac IM 3rd 2021 (4)}) 13. b4 Ne4 14. Bb2 c6 15. Bb1 a5 16. Qb3 Ba6 17. Rfe1 Bc4 18. Rxc4 dxc4 19. Qxc4 axb4 20. axb4 Ndf6 21. Ne5 b5 $36 {[%emt 0:00:00][%mdl 2048] Black fights for an advantage.} 22. Qe2 Rdc8 23. f3 (23. Rc1 $5) 23... Ng5 24. Nd3 {[%emt 0:06:38][%mdl 1024] White has compensation.} Nd5 25. Qd2 $1 Nb6 26. Ne5 f6 27. h4 (27. Nd3 $11 {remains equal.}) 27... fxe5 $17 28. hxg5 Nc4 29. Qc2 Nxb2 (29... e4 $17 {And now ...Nxb2 would win.} 30. fxe4 Qxg5) 30. Qxh7+ {[%emt 0:06:54] [#]} (30. dxe5 $11 {keeps the balance.} Qxe5 31. f4) 30... Kf8 ({Better is} 30... Kf7 $1 $17 31. f4 e4 32. Bxe4 Ke8) 31. Qh8+ $2 (31. Bf5 $1 $11 {and White has nothing to worry.} Re8 32. Qh8+ Kf7 33. Qh5+ Kg8 34. Qh7+ Kf8 35. Qh8+ Kf7 36. Qh5+ Kg8 37. Qh7+ Kf8) 31... Kf7 $19 32. Qh5+ {[%emt 0:00:14] [#]} Ke6 $1 {[%emt 0:00:29] aiming for ...Kd6.} (32... Kf8 33. Bf5 Re8 34. Qh8+ Kf7 35. Qh5+ Kg8 36. Qh7+ Kf8 37. Qh8+ Kf7 38. Qh5+ Kg8 39. Qh7+ Kf8 40. Qh8+ $11) 33. g6 $2 (33. Qg6+ Kd7 34. Bf5+ Kc7 35. Bxc8 Rxc8 36. Ra1) 33... Kd6 ({Stronger than} 33... Qxb4 34. Qxe5+ Kd7 35. Bf5+ (35. Qxg7+ Kd8 $11) 35... Kd8 36. Rb1 $11) 34. f4 Kc7 35. fxe5 (35. Qxe5+ $142 Qxe5 36. dxe5) 35... Rh8 36. Qf3 Raf8 37. Bf5 Qh4 38. Kf1 Qg5 39. g4 Rh2 (39... Nc4 $142 40. Re2 Ra8) 40. Qg3 Rxf5+ {[%emt 0:00:00][%mdl 64] Pin. Excellently played by Socko!   Weighted Error Value: White=1.13/Black=0.42} 0-1

[Event "European Women-ch 2023"]
[Site "Petrovac"]
[Date "2023.03.18"]
[Round "1.10"]
[White "Dwilewicz, Katarzyna"]
[Black "Garifullina, Leya"]
[Result "0-1"]
[ECO "B92"]
[WhiteElo "2114"]
[BlackElo "2372"]
[Annotator "TA"]
[PlyCount "192"]
[EventDate "2023.03.15"]
[EventType "swiss"]
[EventCountry "MNE"]
[SourceTitle "playchess.com"]
[Source "ChessBase"]
[SourceQuality "1"]
[TimeControl "40/5400+30:1800+30"]

1. e4 c5 2. Nf3 d6 3. d4 cxd4 4. Nxd4 Nf6 5. Nc3 a6 6. Be2 e5 7. Nb3 Be7 8. Bg5 Be6 9. Bxf6 Bxf6 10. Qd3 {[%emt 0:00:24] B92: Sicilian Najdorf: 6 Be2.} Be7 $1 {[%emt 0:04:31][%mdl 4] is more profitable than 10...Nc6 at the moment.} 11. O-O-O Nd7 12. Nd5 {[%emt 0:02:30] The position is equal.} Bg5+ 13. Kb1 Rc8 14. g3 {[%emt 0:04:08] [#]} Nc5 $146 ({Predecessor:} 14... O-O 15. h4 Bf6 16. Rd2 Nb6 17. Nxf6+ Qxf6 18. Qe3 Qd8 19. f4 f6 20. Rhd1 Qc7 {1-0 Alexisco,R (2514)-Sasikiran PAL/CSS Freestyle op 3rd rapid 2006 (6)}) 15. Nxc5 Rxc5 16. h4 (16. f4 $5 Bxd5 17. fxg5 $11 (17. exd5 exf4 18. Qe4+ Qe7 $11)) 16... Be7 17. Nxe7 Kxe7 18. Qe3 {[%emt 0:03:49] Qg5+ is the strong threat.} Qc7 19. Qg5+ Kf8 20. Rd2 h6 (20... f6 $5 21. Qe3 $8 Ke7 $11) 21. Qe3 Ke7 22. f4 Rc8 23. Rc1 Qa5 24. a3 f6 25. f5 (25. Qd3 d5 26. c3 d4 $17) 25... Bf7 26. g4 (26. Qd3 d5 27. b4 Qb6 $19) 26... Qa4 $40 {[%emt 0:02:43][%mdl 128] Black has some attack.} 27. Bd1 Qc6 (27... Rc3 {is more complex.} 28. Qb6 R3c6 29. Qxb7+ R8c7) 28. g5 hxg5 29. hxg5 b5 $2 (29... Rc4 $11 {and Black stays safe.}) 30. Rh2 $1 $18 Rc4 (30... d5 $142) 31. Bf3 $2 (31. gxf6+ $1 $18 gxf6 32. Qa7+ Qc7 33. Qg1) 31... b4 $1 $11 32. gxf6+ gxf6 {[%emt 0:01:01] aiming for ...bxa3.} 33. axb4 Rxb4 34. c3 (34. b3 $11 {remains equal.}) 34... Rb7 (34... Qc4 $1 $17 {[%cal Rc4a2] And now ...Qa2+ would win.} 35. Rcc2 (35. cxb4 $2 Qa2#) (35. Qa7+ $2 Rc7 $19) 35... Qa2+ 36. Kc1 Qa1+ 37. Kd2 Rxb2) 35. c4 Rcb8 (35... Bxc4 $2 36. Rxc4 Qxc4 37. Rh7+ Kd8 38. Rxb7 $18) (35... Qa4 $5 36. Bd1 Qb4 $15) 36. Rc3 Qa4 (36... Bxc4 $2 37. Rhc2 Qb6 38. Qxb6 Rxb6 39. Rxc4 $18) 37. Qd3 (37. Qc1 $11) 37... Rb4 (37... Rb3 $1 $15 {feels stronger.}) 38. Rd2 (38. Ra3 Qc6 39. Rc2 Qb6 $17) (38. Bd1 $11 Qa5 39. Bb3) 38... R8b6 (38... Bxc4 39. Qxd6+ Kf7 40. Bh5+ Kg8 41. Rg3+ (41. Qxf6 Qa2+ 42. Kc2 Rxb2+ 43. Kd1 Rb1+ 44. Rc1 Rxc1+ {[%mdl 64] Remove Defender, Back Rank} 45. Kxc1 Rb1#) 41... Kh7 42. Qe7+ (42. Qxf6 Qa2+ 43. Kc1 Qa1+ 44. Kc2 Qxb2+ 45. Kd1 Qb1#) 42... Kh6 43. Qxf6+ Kxh5 44. Rh2#) ({Black should try} 38... Qc6 $1 $17 39. Rdc2 Qb6) 39. Bd1 Qa5 40. Ra3 (40. Bb3 $11) 40... Qc5 $17 41. Ra4 (41. Qe3 $17) 41... Qxc4 (41... Bxc4 42. Qc3) 42. Qxc4 Rxc4 43. Rxc4 Bxc4 $19 {[%emt 0:00:05][%mdl 4096] Endgame KRB-KRB} 44. b3 (44. Kc1 $17) 44... a5 (44... Bxb3 45. Rb2 Bxd1 46. Rxb6 $11) 45. Ka2 Bf7 46. Ka3 Rb4 47. Bc2 Rb5 (47... d5 $19 48. exd5 e4 49. d6+ Kd7) 48. Rh2 $17 Rc5 49. Kb2 d5 50. exd5 Bxd5 51. Rh7+ Kf8 {[%emt 0:00:47] Black is more active.} 52. Bd3 $2 (52. Rh4 $17 {might work better.}) 52... e4 $19 53. Be2 Ke8 $1 54. Bh5+ Kd8 $1 55. Bg6 (55. Bd1 $142) 55... Bc6 $2 (55... Rb5 $19 {has better winning chances.} 56. Kc3 Rxb3+ 57. Kd4 Rd3+ 58. Kc5 a4 59. Rh8+ Kc7 60. Rh7+ Kb8 61. Rh8+ Ka7 62. Rh7+ Kb8 63. Rh8+ Kc7 64. Rh7+ Kb8) 56. Rf7 $17 e3 57. Rxf6 Bd7 $1 {[%emt 0:02:25] Dodges Re6} 58. Rf8+ {[%emt 0:00:59] [#]} Ke7 $1 {[%emt 0:00:46][%cal Oe3e2] ( -> ...e2!)} 59. Rh8 Kf6 {[%emt 0:00:59][%cal Oe3e2] Threatens to win with ...e2!} (59... Bxf5 $6 60. Bxf5 e2 61. Rh1 (61. Rh7+ $2 Kf6 $19) 61... Rxf5 62. Re1 $11) 60. Rh3 $2 (60. Rh1 $17) 60... Re5 $2 (60... Bxf5 61. Bxf5 e2 62. Re3 Kxf5 63. Rxe2 $11) (60... e2 61. Rh1 Bc6) 61. Bh5 $19 e2 (61... Rxf5 62. Be2 $15 (62. Rxe3 $2 Rxh5 63. Ka3 Bb5 $19)) (61... Bxf5 $19 62. Rh1 Be4 63. Rf1+ Rf5) 62. Bxe2 $17 Rxe2+ {[%emt 0:00:01] KRB-KR} 63. Ka3 {[%emt 0:00:36] [#]} (63. Kc3 $17 {was the only defense.}) 63... Re5 $1 $19 (63... Bxf5 64. Rh6+ Kg5 65. Ra6 $15) 64. Rf3 Rd5 (64... Bxf5 65. b4 $15) (64... Rxf5 65. Rxf5+ Bxf5 66. Ka4 $11) 65. Rf2 Rd3 (65... Bxf5 66. b4 $15) (65... Rxf5 66. Rxf5+ Bxf5 67. Ka2 $11) 66. Kb2 Be8 (66... Bxf5 67. Rf4 $15) 67. Kc2 Re3 {[%emt 0:00:26] ...Bf7 would be deadly.} 68. Rd2 Bf7 (68... Kxf5 $2 {loses.} 69. Rd8 $19) 69. Rd3 Re2+ 70. Kc3 Re5 {[%emt 0:00:27][%cal Oe5b5] Strongly threatening ...Rb5!} 71. Rf3 $2 (71. Kb2 $19) 71... Rb5 (71... Rxf5 72. Rxf5+ Kxf5 73. b4 $11 (73. Kb2 Bg8 $11)) 72. Kc2 Bd5 ({Inferior is} 72... Rxf5 73. Rxf5+ Kxf5 74. Kc3 $11) 73. Re3 Kxf5 (73... Kg5 $142 74. Rc3 Kxf5) 74. Rg3 Ke5 75. Rc3 Kd6 76. Rg3 Rb8 77. Rc3 Rb7 78. Rg3 Kc5 79. Rh3 Rb4 80. Rg3 Rf4 81. Kc3 Rf2 82. Re3 Rg2 83. Rh3 Ra2 (83... Re2 $142 84. Rg3 Rh2 85. Rg5 Rh3+ 86. Kc2 Kc6 87. Rg6+ Kb5 88. Rg5 Kc5 89. Rf5 Kd4 90. Rf4+ Ke5 91. Rg4 Bxb3+ 92. Kb2 a4 93. Rg7 Kd4 94. Rg4+ Kc5 95. Rg7 Bd5 96. Rg4 a3+ 97. Kc2 Rh1 98. Ra4 a2 99. Kd3 a1=Q 100. Rxa1 Rxa1 101. Ke2 Ra3 102. Ke1 Ra2 103. Kf1 Kd4 104. Ke1 Bb3 105. Kf1 Ke3 106. Kg1 Bd5 107. Kf1 Ra1#) 84. Re3 Rf2 {[%emt 0:00:08] Black mates.} 85. Rh3 Be4 86. Rh5+ Bf5 87. b4+ axb4+ 88. Kb3 Rf3+ 89. Kb2 Kb5 90. Ka2 Ka4 91. Rh2 Be6+ 92. Kb2 Rb3+ 93. Ka1 Rh3 94. Re2 Bc4 95. Rd2 Re3 96. Kb2 Re2 {[%emt 0:00:08] What a bad dream for White.   Weighted Error Value: White=0.36/Black=0.37} 0-1

[Event "European Women-ch 2023"]
[Site "Petrovac"]
[Date "2023.03.18"]
[Round "1.10"]
[White "Karaivanova, Petya"]
[Black "Antolak, Julia"]
[Result "0-1"]
[ECO "B66"]
[WhiteElo "1875"]
[BlackElo "2276"]
[Annotator "TA"]
[PlyCount "72"]
[EventDate "2023.03.15"]
[EventType "swiss"]
[EventCountry "MNE"]
[SourceTitle "playchess.com"]
[Source "ChessBase"]
[SourceQuality "1"]
[TimeControl "40/5400+30:1800+30"]

1. e4 c5 2. Nf3 Nc6 3. d4 cxd4 4. Nxd4 Nf6 5. Nc3 d6 6. Bg5 e6 7. Qd2 a6 8. f3 Be7 {[%emt 0:04:18] B66: Sicilian: Richter-Rauzer: 7...a6 8 0-0-0 h6.} 9. h4 Nxd4 10. Qxd4 Qc7 {[%emt 0:01:06] The position is equal.} 11. O-O-O b5 12. g4 Bb7 {[%emt 0:03:46] [#]} 13. Rh3 $146 ({Predecessor:} 13. Qd2 Rc8 14. Bd3 b4 15. Ne2 d5 16. Bxf6 gxf6 17. Kb1 dxe4 18. fxe4 Qe5 19. Nd4 {1-0 Lupulescu,C (2566)-Ivanov,A (2462) Ciocaltea Memorial 2007}) 13... Rc8 14. Qd2 b4 15. Bxf6 (15. Ne2 $11 {was the only way to keep the balance.}) 15... Bxf6 $17 16. Ne2 d5 17. g5 Be7 {[%emt 0:01:41] Black is more active.} 18. exd5 Bxd5 19. Nf4 (19. Kb1 $17) 19... Bxa2 $19 ({And not} 19... Bb7 20. Kb1 $17) 20. Bxa6 Rb8 21. Nh5 O-O $1 {[%emt 0:01:04] And now ...Rfd8 would win.} 22. Qd7 {[%emt 0:02:34] Inhibits Rfd8.} Qc5 23. Qd4 Qxd4 24. Rxd4 Bc5 25. Re4 Bd5 {[%emt 0:01:24] Against b3} 26. Re1 b3 27. Nf4 {[%emt 0:02:50] [#]} Bc6 (27... Ra8 $1 $19 {[%cal Ra8a6] and Black stays clearly on top.} 28. Bd3 bxc2 29. Kxc2 Bb4) 28. Bc4 {[%emt 0:00:45] [#]} (28. Nd3 $17 {keeps fighting.} Bd6 29. cxb3) 28... bxc2 $1 {[%emt 0:03:11] Hoping for ...Rfc8.} 29. Kxc2 Bd4 {[%emt 0:00:22] A strong pair of Bishops.} (29... Rfc8 $142 30. Nd3 Bd4) 30. b3 $17 {[%emt 0:02:11] Prevents Ba4} Ra8 ({Black should play} 30... Rfc8 $17 {...Ra8 is the strong threat.} 31. Nxe6 fxe6 32. Bxe6+ Kf8 33. Bxc8 Rxc8) 31. Nxe6 $1 $11 {[%emt 0:04:07][%mdl 64] Double Attack} Bd7 $36 {[%emt 0:04:27][%mdl 2112] Pin. Black has some pressure.} ({Don't take} 31... fxe6 32. Rxe6 Bd7 33. Re7+ Kh8 34. Rxd7 $16) 32. Nxd4 Bxh3 33. Kc3 (33. b4 $1 $11 {remains equal.}) 33... Rfe8 $17 34. Rd1 Rad8 (34... Re3+ $17 35. Rd3 Re1) 35. Rb1 $2 (35. b4 $15) 35... Re3+ $19 36. Bd3 {[%emt 0:00:18] [#]} (36. Kd2 $142 Rxf3 37. Ke2) 36... Rxd3+ $1 {[%emt 0:00:14][%mdl 576] Remove Defender.   Weighted Error Value: White=0.47/Black=0.17 (very precise)} 0-1